Map: Lost and Found LE

Players

GOStephano (Stephano) - Winner!

  • Race: Zerg Zerg
  • Spawn Location: 1:00

Bioice

  • Race: Zerg Zerg
  • Spawn Location: 7:00

Event: WCS Austin 2018

VOD

Have the link to the VOD?

Description

Time

  • Played on: June 1, 2018, 6:03 p.m.
  • Length: 8:25

All games in this series

Show
View Real Time Build Order
Export as new Build Order

GOStephano Zerg - Winner!

Build Orders: Hatch First 

Get SALT Encoding   

  12  0:00  Drone  
  13  0:13  Overlord  
  13  0:17  Drone  
  14  0:31  Drone x2  
  16  0:48  Hatchery  
  15  0:51  Drone  
  15  0:54  Drone  
  17  0:58  Drone  
  18  1:08  Extractor  
  17  1:13  Spawning Pool  
  17  1:16  Drone  
  17  1:19  Drone  
  18  1:28  Drone  
  19  1:39  Drone  
  20  1:50  Drone  
  21  2:00  Queen  
  21  2:01  Queen  
  25  2:02  Overlord, Zergling x2  
  26  2:09  Evolution Chamber  
  26  2:11  Drone  
  26  2:12  Drone  
  27  2:23  Drone x2  
  29  2:35  Zerg Ground Armor Level 1  
  29  2:36  Overlord  
  29  2:39  Queen  
  29  2:41  Drone  
  29  2:43  Drone  
  33  2:47  Drone  
  34  2:55  Drone x2  
  36  3:05  Drone x2  
  38  3:07  Metabolic Boost  
  38  3:12  Zergling x2  
  39  3:13  Drone x4  
  39  3:14  Overlord  
  42  3:27  Zergling x2  
  42  3:29  Overlord  
  42  3:32  Spine Crawler  
  41  3:34  Zergling x4  
  43  3:41  Queen  
  43  3:44  Drone x2  
  47  3:49  Drone x2  
  47  3:52  Drone  
  50  4:01  Zergling x8  
  54  4:04  Hatchery  
  54  4:05  Extractor  
  54  4:08  Zergling x2  
  54  4:09  Zergling x2  
  54  4:17  Zergling x8  
  58  4:26  Zergling x4  
  60  4:33  Zerg Missile Weapons Level 1  
  60  4:34  Lair  
  60  4:39  Overlord  
  60  4:40  Overlord, Roach Warren  
  59  4:54  Drone  
  59  5:04  Drone x3  
  58  5:08  Drone x2  
  58  5:11  Drone  
  58  5:12  Drone  
  56  5:16  Zergling x12  
  56  5:17  Zergling x2  
  56  5:21  Drone  
  64  5:22  Extractor  
  64  5:27  Drone x2  
  65  5:33  Glial Reconstitution  
  65  5:34  Drone  
  65  5:35  Overseer  
  66  5:41  Roach x4  
  73  5:48  Roach x4  
  81  5:50  Overlord x3  
  81  5:55  Overlord  
  81  6:11  Roach x8  
  97  6:17  Roach x4  
  105  6:26  Roach x3  
  105  6:27  Roach  
  113  6:33  Overlord x2  
  113  6:38  Overlord  
  113  6:41  Overlord  
  113  6:48  Overlord  
  112  6:58  Roach x10  
  126  7:06  Roach x2  
  130  7:10  Roach x2  
  130  7:11  Zergling x6  
  137  7:17  Roach x2  
  137  7:20  Zergling x12  
  142  7:32  Roach  
  142  7:33  Roach x3  
  136  7:37  Roach x2  
  136  7:40  Zergling x6  
  136  7:44  Roach x3  
  149  7:47  Overlord  
  149  7:49  Drone x2  
  149  7:51  Extractor x2  
  150  7:53  Drone x2  
Show
View Real Time Build Order
Export as new Build Order

Bioice Zerg 

Build Orders: Hatch First 

Get SALT Encoding   

  12  0:01  Drone  
  13  0:13  Overlord  
  13  0:17  Drone  
  14  0:31  Drone  
  14  0:32  Drone  
  16  0:49  Hatchery  
  15  0:52  Drone  
  16  0:58  Drone  
  16  0:59  Drone  
  16  1:02  Extractor  
  17  1:14  Spawning Pool  
  17  1:17  Drone  
  17  1:21  Drone  
  18  1:30  Drone  
  19  1:40  Drone  
  20  1:50  Overlord  
  20  2:01  Queen x2  
  22  2:02  Metabolic Boost  
  22  2:08  Zergling x4  
  26  2:13  Drone x2  
  28  2:23  Drone x2  
  30  2:34  Drone  
  30  2:36  Drone  
  32  2:42  Hatchery  
  31  2:49  Baneling Nest  
  30  2:53  Zergling x4  
  32  2:59  Overlord  
  32  3:06  Drone  
  32  3:07  Drone  
  32  3:11  Drone x2  
  36  3:14  Overlord  
  36  3:17  Drone  
  36  3:36  Zergling x4  
  36  3:37  Zergling x2  
  36  3:39  Drone x2  
  40  3:43  Evolution Chamber, Drone  
  40  3:44  Drone x3, Extractor  
  40  3:45  Roach Warren  
  41  3:50  Drone  
  41  3:53  Drone  
  43  3:57  Baneling x2  
  43  3:58  Drone  
  43  4:00  Extractor  
  43  4:04  Drone  
  43  4:07  Drone  
  43  4:09  Zerg Missile Weapons Level 1  
  45  4:12  Lair  
  45  4:15  Drone x3  
  48  4:17  Drone  
  48  4:18  Drone  
  48  4:22  Drone x2  
  52  4:27  Overlord  
  52  4:30  Overlord  
  52  4:43  Overlord  
  52  4:44  Overlord  
  52  4:46  Baneling x3  
  52  4:48  Zergling x12  
  56  4:53  Baneling x2  
  56  4:54  Roach  
  58  5:01  Roach x3  
  58  5:06  Baneling  
  58  5:07  Baneling  
  62  5:08  Roach x2  
  62  5:09  Roach  
  62  5:11  Roach  
  65  5:15  Roach  
  65  5:18  Zergling x4  
  69  5:21  Glial Reconstitution  
  69  5:24  Overlord  
  69  5:27  Overlord  
  69  5:39  Hatchery  
  69  5:42  Overlord x2  
  68  5:46  Roach  
  68  5:48  Roach  
  72  5:52  Roach  
  72  5:55  Roach  
  72  5:56  Roach  
  78  6:00  Roach x2  
  78  6:03  Roach  
  84  6:06  Roach  
  84  6:08  Roach  
  88  6:15  Roach  
  88  6:17  Roach  
  92  6:20  Roach  
  92  6:21  Roach  
  96  6:28  Roach x2  
  100  6:33  Overlord x2  
  100  6:41  Overlord  
  100  6:46  Overlord  
  88  7:01  Roach  
  88  7:02  Roach x7  
  88  7:06  Roach x3  
  102  7:09  Roach  
  102  7:14  Roach  
  106  7:18  Roach x3  
  106  7:21  Roach  
  104  7:30  Roach x2  
  104  7:37  Roach  
  96  7:39  Queen  
  96  7:40  Roach  
  96  7:41  Roach x2  
  96  7:42  Roach  
  103  7:47  Roach x2  
  103  7:51  Roach  
  109  7:52  Roach  
  109  7:55  Roach  
  113  7:59  Roach  
  113  8:02  Roach  
Tags
 
Add a new tag
Caveats
  • Supply blocks, unpowered buildings, or Contaminate may cause inaccurate times.
  • Supply counts are checked every 10 seconds.